 Dungeon Crawl Stone Soup version 0.20-a0-738-gb057e68 (webtiles) character file.

2971 Hollowslayer the Martial Artist (level 9, -1/68 HPs)
             Began as a Demonspawn Wanderer on Feb 24, 2017.
             Was a Priest of Wu Jian.
             Slain by an orc warrior
             ... wielding a +0 dire flail
              (21 damage)
             ... on level 9 of the Dungeon.
             The game lasted 00:18:17 (7456 turns).

Hollowslayer the Martial Artist (DsWn)              Turns: 7456, Time: 00:18:19

Health: -1/68      AC: 10    Str: 19    XL:     9   Next: 53%
Magic:  9/9        EV: 10    Int: 10    God:    Wu Jian [***...]
Gold:   326        SH:  0    Dex: 16    Spells: 8/8 levels left

rFire    . . .     SeeInvis .     - Unarmed
rCold    . . .     Gourm    .   b - +0 ring mail
rNeg     + + .     Faith    .   (no shield)
rPois    .         Spirit   .   (no helmet)
rElec    .         Reflect  .   o - +0 cloak
rCorr    .         Harm     .   (no gloves)
MR       .....                  n - +0 pair of boots of the Ladybird {rN++}
Stlth    +.........             (no amulet)
Regen    0.3/turn               R - +3 ring of strength
MPRegen  0.2/turn               s - ring of wizardry

@: no status effects
A: claws 1, thin metallic scales 1, spiny 2, rot immunity
a: Renounce Religion


You were on level 9 of the Dungeon.
You worshipped Wu Jian.
Wu Jian was most pleased with you.
You were not hungry.

You visited 1 branch of the dungeon, and saw 9 of its levels.
You also visited: Ossuary.

You collected 525 gold pieces.
You spent 199 gold pieces at shops.

Inventory:

Hand Weapons
 a - a +3 mace
 d - a +0 blowgun
Missiles
 c - 73 poisoned needles
 K - a throwing net (quivered)
 L - 4 needles of sleeping
Armour
 b - a +0 ring mail (worn)
 n - the +0 pair of boots of the Ladybird (worn) {rN++}
   (You acquired it on level 8 of the Dungeon)

   It greatly protects you from negative energy.
 o - a +0 cloak (worn)
 B - the +0 chain mail of Classification {rElec rPois rC-}
   (You bought it in a shop on level 4 of the Dungeon)

   It makes you vulnerable to cold.
   It insulates you from electricity.
   It protects you from poison.
 H - a +0 pair of boots
Jewellery
 s - a ring of wizardry (left claw)
 A - an uncursed ring of wizardry
 R - a +3 ring of strength (right claw)
Wands
 u - a wand of lightning (6/15)
 D - a wand of confusion (37/48)
 I - a wand of acid (0/15)
 Q - a wand of polymorph (4/24)
Scrolls
 q - 4 scrolls of amnesia
 r - 2 scrolls of immolation {unknown}
 t - 8 scrolls of identify
 x - a scroll of enchant armour
 y - 4 scrolls of teleportation
 z - a scroll of noise
 E - a scroll of recharging {unknown}
 F - 3 scrolls of remove curse
 G - 2 scrolls of magic mapping {unknown}
 N - a scroll of fog {unknown}
Potions
 e - 2 potions of brilliance
 g - 2 potions of ambrosia
 h - a potion of heal wounds
 j - 5 potions of curing
 k - a potion of might
 l - 2 potions of haste {unknown}
 m - 7 potions of flight {unknown}
 v - 4 potions of lignification {unknown}
 C - 7 potions of degeneration {unknown}
 J - a potion of agility {unknown}
 M - a potion of invisibility {unknown}
 O - a potion of mutation {unknown}
 P - a potion of cancellation {unknown}
Books
 S - a book of Frost

   Spells                             Type                      Level
   a - Freeze                         Ice                          1
   b - Throw Frost                    Conjuration/Ice              2
   c - Ozocubu's Armour               Charms/Ice                   3
   d - Throw Icicle                   Conjuration/Ice              4
   e - Summon Ice Beast               Ice/Summoning                4
Comestibles
 f - 8 bread rations
 i - 4 royal jellies
 p - 3 fruits
 w - 3 meat rations
 T - a chunk of flesh


   Skills:
 - Level 5.0 Fighting
 - Level 1.7 Maces & Flails
 - Level 1.7 Throwing
 - Level 3.6 Armour
 * Level 11.2 Unarmed Combat


You had 8 spell levels left.
You didn't know any spells.

Dungeon Overview and Level Annotations

Branches:
Dungeon (9/15)             Temple (0/1) D:6
   Lair: D:8-11         Orc: D:9-12

Altars:
Fedhas
Gozag
Hepliaklqana
Kikubaaqudgha
Nemelex Xobeh
Qazlal
Ru
Wu Jian

Shops:
D:4 [


Innate Abilities, Weirdness & Mutations

You have sharp fingernails.
You are partially covered in thin metallic scales. (AC +2)
You are mostly covered in sharp spines.
You are immune to rotting.


Message History

The kobold hits you but does no damage.
You barely miss the kobold.
The kobold is moderately wounded.
The kobold is struck by your spines. The kobold hits you but does no damage.
You spin and attack the kobold.
You mangle the kobold!!
You kill the kobold!
The Council accepts your kill.
You spin and attack the orc warrior.
You scratch the orc warrior but do no damage.
The orc warrior is almost dead.
The orc warrior hits you with a dire flail!
* * * LOW HITPOINT WARNING * * *
You closely miss the orc warrior.
You claw the orc warrior, but do no damage.
The orc warrior is almost dead.
The kobold is struck by your spines.
You kill the kobold!
The Council accepts your kill.
The orc warrior hits you with a dire flail!!
You die...

#.....).....((#..#
..............##..
..............# ##
#.......(....#
###...Ko.....#
####.o.....# #####
##o#####.#
#...####)(# ###
##..@o)#.o##
##....K.oo###
#...........###
#.............###
#................#
#.................
##................
..
##...............
#..
##..#......)....##


You could see an orc warrior, an orc wizard, an orc and a kobold.

Vanquished Creatures
  Maurice (D:8)
  A hippogriff (D:7)
  A hungry ghost (D:9)
  A water moccasin (D:8)
  A sky beast (D:5)
  2 ogres
  4 big kobolds
  3 bullfrogs
  4 scorpions
  3 crimson imps
  5 hounds
  A bullfrog zombie (D:6)
  An orc priest (D:6)
  5 orc wizards
  3 iguanas
  Terence (D:2)
  10 worker ants
  A big kobold zombie (Ossuary)
  A hound skeleton (D:7)
  5 mummies
  2 worker ant zombies
  A howler monkey skeleton (D:4)
  10 gnolls
  8 adders
  A shadow imp (D:5)
  An adder zombie (D:5)
  An adder skeleton (D:7)
  A worm (D:2)
  A dart slug (D:2)
  A leopard gecko (D:1)
  25 orcs
  A ball python (D:1)
  4 bats
  9 giant cockroaches
  3 gnoll zombies (Ossuary)
  4 hobgoblins
  16 jackals
  21 kobolds
  3 quokkas
  A ball python skeleton (D:4)
  8 frilled lizards
  9 goblins
  2 goblin zombies (D:8)
  2 hobgoblin zombies (Ossuary)
  A kobold zombie (Ossuary)
  An orc zombie (Ossuary)
  A quokka zombie (D:7)
  7 rats
199 creatures vanquished.

Notes
Turn   | Place    | Note
-------+----------+-------------------------------------------
     0 | D:1      | Hollowslayer the Demonspawn Wanderer began the quest for the Orb.
     0 | D:1      | Hollowslayer set off with: a +2 mace, a +0 ring mail, 13 poisoned needles, a +0 blowgun, a bread ration
     0 | D:1      | Reached XP level 1. HP: 16/16 MP: 1/1
   156 | D:1      | Gained mutation: You have sharp fingernails. [demonic ancestry]
   156 | D:1      | Reached XP level 2. HP: 19/23 MP: 2/2
   570 | D:2      | Reached skill level 1 in Unarmed Combat
   693 | D:2      | Gained mutation: You are partially covered in thin metallic scales. (AC +2) [demonic ancestry]
   693 | D:2      | Reached XP level 3. HP: 15/28 MP: 3/3
   892 | D:2      | Reached skill level 2 in Unarmed Combat
  1127 | D:2      | Noticed Terence
  1156 | D:2      | Killed Terence
  1156 | D:2      | Gained mutation: You are partially covered in sharp spines. [demonic ancestry]
  1156 | D:2      | Reached XP level 4. HP: 33/34 MP: 4/4
  1302 | D:2      | Reached skill level 3 in Unarmed Combat
  1677 | D:3      | Reached skill level 4 in Unarmed Combat
  1677 | D:3      | Reached XP level 5. HP: 22/40 MP: 5/5
  2402 | D:4      | Found a stormy altar of Qazlal.
  2402 | D:4      | Found a sparkling altar of Nemelex Xobeh.
  2501 | D:4      | Found an ornate altar of the Wu Jian Council.
  2504 | D:4      | Became a worshipper of the Wu Jian Council
  2532 | D:4      | Gained mutation: You are mostly covered in sharp spines. [demonic ancestry]
  2532 | D:4      | Reached XP level 6. HP: 37/47 MP: 6/6
  2541 | D:4      | Reached skill level 5 in Unarmed Combat
  3096 | D:4      | Found Bykiesav's Antique Armour Boutique.
  3104 | D:4      | Bought a faintly humming chain mail for 199 gold pieces
  3114 | D:4      | Identified the cursed +0 chain mail of Classification {rElec rPois rC-} (You bought it in a shop on level 4 of the Dungeon)
  3269 | D:5      | Entered Level 5 of the Dungeon
  3399 | D:5      | Found an opulent altar of Gozag.
  3460 | D:5      | Reached XP level 7. HP: 23/54 MP: 7/7
  3919 | D:5      | Reached skill level 6 in Unarmed Combat
  4368 | D:5      | Found a stormy altar of Qazlal.
  4455 | D:5      | Reached skill level 5 in Fighting
  4653 | D:6      | Reached skill level 7 in Unarmed Combat
  4689 | D:6      | Gained mutation: You are immune to rotting. [demonic ancestry]
  4689 | D:6      | Reached XP level 8. HP: 53/62 MP: 8/8
  4744 | D:6      | Reached * piety under Wu Jian
  5122 | D:6      | Found a staircase to the Ecumenical Temple.
  5377 | D:7      | Reached skill level 8 in Unarmed Combat
  5405 | D:7      | Noticed a hippogriff
  5414 | D:7      | Killed a hippogriff
  5653 | D:7      | Found an ancient bone altar of Kikubaaqudgha.
  5712 | D:7      | Reached skill level 9 in Unarmed Combat
  5767 | D:7      | Found a hazy altar of Hepliaklqana.
  5835 | D:7      | Found a blossoming altar of Fedhas.
  6039 | D:7      | Found a sacrificial altar of Ru.
  6108 | D:7      | You fall through a shaft!
  6109 | D:8      | Noticed Maurice
  6423 | D:8      | Killed Maurice
  6423 | D:8      | Reached skill level 10 in Unarmed Combat
  6423 | D:8      | Reached XP level 9. HP: 32/68 MP: 9/9
  6432 | D:8      | Identified a scroll of acquirement
  6433 | D:8      | Got a pair of fine boots
  6440 | D:8      | HP: 3/68 [iguana (13)]
  6450 | D:8      | Identified the +0 pair of boots of the Ladybird {rN++} (You acquired it on level 8 of the Dungeon)
  6531 | D:8      | Found a sand-covered staircase.
  6567 | Ossuary  | Entered an ossuary
  6772 | Ossuary  | Reached ** piety under Wu Jian
  7428 | D:9      | Reached skill level 11 in Unarmed Combat
  7452 | D:9      | Reached *** piety under Wu Jian
  7456 | D:9      | Slain by an orc warrior

Vault maps used:
D:1:      onia_arrival_handbag, columned_hall_lemuel
D:2:      first_bread, uniq_terence
D:4:      kennysheep_mini, chequers_temple_overflow_statue_of_worship,
          serial_shops, nicolae_shop_overgrown_old_shop, minivault_1
D:5:      grunt_gozag_statues, grunt_qazlal_sundering
D:6:      nicolae_overflow_hidden_temple, minmay_temple_entry_butterflies,
          minmay_misc_feat_diagonals, grunt_decor_clamped
D:7:      old_standard_altar, nicolae_overflow_crystal_walls,
          lemuel_doored_altar, fedhas_altar_decomposition, grunt_ogre_cave,
          zaba_anthole, minmay_misc_feat_tiny
D:8:      nicolae_ossuary_entry_giza, uniq_maurice
D:9:      nicolae_tso_besieged_by_evil, david_lair_shrubbed, chei_slow_surprise
Ossuary:  ossuary_crypta

Skill      XL: |  1  2  3  4  5  6  7  8  9 |
---------------+----------------------------+-----
Unarmed Combat | 1 2 4 5 7 10 11 | 11.2
Fighting       | 3 4 5 |  5.0
Maces & Flails | |  1.7
Throwing       | |  1.7
Armour         | |  3.6

Action                   |  1- 3 |  4- 6 |  7- 9 || total
-------------------------+-------+-------+-------++-------
Melee: Mace              |    76 |   119 |   105 ||   300
       Punch             |       |     3 |    12 ||    15
       Unarmed           |       |       |   181 ||   181
 Fire: Blowgun           |     8 |    27 |     2 ||    37
  Use: Scroll            |       |     3 |     7 ||    10
       Potion            |       |       |     6 ||     6
  Eat: Chunk             |       |     7 |     6 ||    13
       Meat ration       |       |       |     1 ||     1
       Bread ration      |       |       |     1 ||     1
Armor: Ring mail         |    52 |    53 |   118 ||   223
Dodge: Dodged            |    46 |    73 |   116 ||   235
